 Dungeon Crawl Stone Soup version 0.27-a0-1308-gc08437e49b (webtiles) character file.

Game seed: 5010958232156711849

16603 HoaS the Grappler (level 11, -2/93 HPs)
             Began as a Demigod Gladiator on June 15, 2021.
             Slain by a minotaur (15 damage)
             ... in a Gauntlet on June 18, 2021.
             The game lasted 00:34:19 (13148 turns).

HoaS the Grappler (Demigod Gladiator)              Turns: 13148, Time: 00:34:20

Health: -2/93      AC: 19    Str: 29    XL:     11   Next: 82%
Magic:  14/14      EV: 13    Int: 10    God:
Gold:   841        SH:  5    Dex: 19    Spells: 10/10 levels left

rFire    . . .     SeeInvis .     - Unarmed
rCold    + + .     Faith    .   (no shield)
rNeg     . . .     Spirit   .   d - +3 chain mail {rC+}
rPois    .         Reflect  +   b - +1 helmet
rElec    .         Harm     .   E - +1 cloak {rCorr}
rCorr    +         Rampage  .   (no gloves)
Will     +....     NoTele   +   o - +0 pair of boots
Stlth    ..........             e - amulet of reflection
HPRegen  0.25/turn              F - ring "Senaggeg" {rC+ Str+6 Slay+5}
MPRegen  0.14/turn              n - +4 ring of slaying

@: no status effects
A: high mp 1, forlorn
a: no special abilities


You were in a Gauntlet.
You visited 1 branch of the dungeon, and saw 11 of its levels.
You also visited: Gauntlet.

You collected 841 gold pieces.

Inventory:

Missiles
 r - 2 curare-tipped darts
 w - 6 atropa-tipped darts
 H - a throwing net (quivered)
Armour
 b - a +1 helmet (worn)
 d - a +3 chain mail of cold resistance (worn)
 o - a +0 pair of boots (worn)
 E - a +1 cloak of preservation (worn)
Jewellery
 e - an amulet of reflection (around neck)
 h - a ring of resist corrosion
 i - a +4 ring of evasion
 k - a +6 ring of dexterity
 n - a +4 ring of slaying (right hand)
 p - a +4 ring of protection
 v - a ring of willpower
 F - the ring "Senaggeg" (left hand) {rC+ Str+6 Slay+5}
   (You found it in a Gauntlet)

   [ring of strength]

   It affects your strength (+6).
   It affects your accuracy and damage with ranged weapons and melee attacks
   (+5).
   It protects you from cold.
Wands
 y - a wand of flame (14)
 z - a wand of iceblast (11)
 D - a wand of paralysis (8)
Scrolls
 l - 5 scrolls of teleportation
 x - 2 scrolls of fear
 A - 3 scrolls of holy word
Potions
 a - 2 potions of attraction
 c - a potion of cancellation {unknown}
 f - 4 potions of mutation
 g - 3 potions of flight
 j - 2 potions of haste {unknown}
 m - 2 potions of curing
 q - a potion of resistance {unknown}
 s - a potion of might {unknown}
 t - 2 potions of heal wounds {unknown}
 u - 4 potions of lignification {unknown}
 B - a potion of magic {unknown}
 C - a potion of brilliance {unknown}


   Skills:
 + Level 7.7 Fighting
 - Level 1.7 Throwing
 + Level 7.7 Armour
 + Level 7.7 Dodging
 * Level 13.0 Unarmed Combat


You had 10 spell levels left.
You didn't know any spells.
Your spell library contained the following spells:

 Spells                   Type           Power      Damage    Failure   Level
 Magic Dart               Conj           0%         1d3       86%         1
 Searing Ray              Conj           0%         3d3       95%         2
 Dazzling Flash           Conj/Hex       0%         N/A       99%         3
 Animate Dead             Necr           0%         N/A       100%        4
 Fulminant Prism          Conj/Hex       0%         3d6       100%        4
 Iskenderun's Mystic Bla  Conj/Tloc      0%         2d3       100%        4
 Borgnjor's Vile Clutch   Necr/Erth      0%         N/A       100%        5
 Death Channel            Necr           0%         N/A       100%        6
 Simulacrum               Ice/Necr       0%         N/A       100%        6


Dungeon Overview and Level Annotations

Branches:
Dungeon (11/15)            Temple (0/1) D:5             Orc (0/2) D:11
Gauntlet (1/1)
   Lair: D:8-11

Shops:
D:1 *

Portals:
Abyss: D:5

Annotations:
D:9 1 runed translucent door Gauntlet 12 transporters


Innate Abilities, Weirdness & Mutations

Your attributes grow dramatically as you level up.
You have an increased reservoir of magic. (+10% MP)
You shall have no god before yourself.


Message History

There is a transporter here.
You enter the transporter and appear at another place.
A minotaur comes into view.
It is wielding the +11 plutonium sword {Contam Stlth-}.
The minotaur bellows!
Throw: 2 darts (curare)
Press: ? - help, Shift-Dir - straight line, f - minotaur
Aim: a minotaur, wielding the +11 plutonium sword {Contam Stlth-}, wearing +0 fire dragon scales, wearing a +6 ring of dexterity and quivering javelins (77% to hit)
Okay, then.
Throw: 6 darts (atropa)
Press: ? - help, Shift-Dir - straight line, f - minotaur
Aim: a minotaur, wielding the +11 plutonium sword {Contam Stlth-}, wearing +0 fire dragon scales, wearing a +6 ring of dexterity and quivering javelins (77% to hit, chance to blind on hit: 3%)
Okay, then.
Aiming: Paralyse
Press: ? - help, Shift-Dir - straight line, f - minotaur
Aim: a minotaur, wielding the +11 plutonium sword {Contam Stlth-}, wearing +0 fire dragon scales, wearing a +6 ring of dexterity and quivering javelins (chance to affect: 1%)
Okay, then.
Aiming: Iceblast
Press: ? - help, Shift-Dir - straight line, f - minotaur
Aim: a minotaur, wielding the +11 plutonium sword {Contam Stlth-}, wearing +0 fire dragon scales, wearing a +6 ring of dexterity and quivering javelins The mass of ice explodes!
The iceblast engulfs the minotaur!
The minotaur is frozen!
The minotaur is lightly wounded.
The minotaur throws a javelin.
The javelin pierces through you!!
You feel better.
The minotaur throws a javelin.
The javelin pierces through you!!
The minotaur hits you with the +11 plutonium sword {Contam Stlth-}!!
* * * LOW HITPOINT WARNING * * *
The minotaur gores you but does no damage.
You punch the minotaur!
The minotaur is moderately wounded.
You barely miss the minotaur.
The minotaur is moderately wounded.
The minotaur barely misses you. You block the minotaur's attack.
You punch the minotaur!
The minotaur is heavily wounded.
The minotaur barely misses you. The minotaur closely misses you.
You hit the minotaur.
The minotaur is heavily wounded.
The minotaur hits you with the +11 plutonium sword {Contam Stlth-}!
You die...

######### #.......#
#.#####.# #.# ..#.# #.#
#.#.# #.# #H#.# #.# #@#.#
#.###.#.# #.....#.#
#######.# #.....# #.#####
#########.#########
#≈...............≈# #
####8..©.©.©.©.©.©..8####
### #


You could see a minotaur.

Vanquished Creatures
  A hydra (D:11)
  Harold (D:8)
  A two-headed ogre (D:8)
  A death scarab (Gauntlet)
  Urug (D:10)
  An obsidian statue (Gauntlet)
  The ghost of Eptagon the Shield-Bearer, a novice GnFi (D:5)
  An orc knight (D:11)
  2 cyclopes (D:7)
  A manticore (D:11)
  A slime creature (D:7)
  Maurice (D:9)
  Maggie (D:8)
  An unseen horror (D:7)
  Psyche (D:8)
  3 trolls
  A raiju (Gauntlet)
  Prince Ribbit (D:8)
  2 shadows
  A meliai zombie (D:8)
  A spectral black mamba (Gauntlet)
  A vampire (D:7)
  A wraith (D:10)
  4 wyverns
  8 yaks
  3 steam dragons
  Menkaure (D:6)
  A warg (D:11)
  An acid dragon (D:10)
  2 water moccasins (D:5)
  A black bear (D:7)
  3 orc warriors
  3 sky beasts
  5 ice beasts
  2 necrophages
  An ogre (D:11)
  9 centaurs
  A phantom (D:6)
  3 kobold brigands
  7 bullfrogs
  A gnoll sergeant (D:8)
  A scorpion (D:4)
  4 wights (D:9)
  5 howler monkeys
  2 electric eels (D:11)
  A bullfrog zombie (D:7)
  4 centaur zombies
  3 hounds
  An orc priest (D:5)
  A centaur skeleton (D:5)
  2 jellies
  Crazy Yiuf (D:6)
  Jessica (D:2)
  2 gnoll shamans
  3 iguanas
  5 orc wizards
  A scorpion zombie (D:5)
  A hound zombie (D:5)
  A hound skeleton (D:5)
  A howler monkey zombie (D:10)
  Robin (D:2)
  10 adders
  15 gnolls
  A howler monkey skeleton (D:7)
  A river rat (D:5)
  2 white imps (D:5)
  2 ufetubi
  4 worms
  A dart slug (D:1)
  31 orcs
  5 ball pythons
  4 bats
  3 endoplasms
  3 giant cockroaches
  14 goblins
  10 hobgoblins
  3 jackals (D:2)
  5 quokkas
  4 frilled lizards
  12 kobolds
  24 rats
278 creatures vanquished.

Vanquished Creatures (others)
  A lurking horror (D:5)
  A plant (D:3)
2 creatures vanquished.

Grand Total: 280 creatures vanquished

Notes
Turn   | Place    | Note
-------+----------+-------------------------------------------
     0 | D:1      | HoaS the Demigod Gladiator began the quest for the Orb.
     0 | D:1      | Reached XP level 1. HP: 17/17 MP: 3/3
    32 | D:1      | Reached skill level 3 in Unarmed Combat
   350 | D:1      | Reached XP level 2. HP: 17/24 MP: 4/4
   827 | D:1      | Found Qitimadd's General Store.
  1318 | D:2      | Noticed Jessica
  1337 | D:2      | Killed Jessica
  1338 | D:2      | Reached skill level 4 in Unarmed Combat
  1338 | D:2      | Reached XP level 3. HP: 5/29 MP: 5/5
  1648 | D:2      | Noticed Robin
  2292 | D:2      | Killed Robin
  2293 | D:2      | Reached XP level 4. HP: 24/36 MP: 6/6
  3247 | D:3      | Reached skill level 5 in Unarmed Combat
  3550 | D:4      | Reached XP level 5. HP: 33/41 MP: 7/7
  3557 | D:4      | Reached skill level 6 in Unarmed Combat
  3711 | D:4      | Noticed a centaur
  3728 | D:4      | Killed a centaur
  3729 | D:4      | Reached XP level 6. HP: 42/48 MP: 8/8
  4192 | D:4      | Reached skill level 7 in Unarmed Combat
  4442 | D:5      | Entered Level 5 of the Dungeon
  4442 | D:5      | Found a runed translucent door.
  4443 | D:5      | Noticed Eptagon's ghost (novice GnFi)
  4475 | D:5      | Noticed a shadow
  4475 | D:5      | Noticed a water moccasin
  4501 | D:5      | Killed a shadow
  4502 | D:5      | Reached skill level 8 in Unarmed Combat
  4502 | D:5      | Reached XP level 7. HP: 45/53 MP: 9/9
  4739 | D:5      | Reached skill level 9 in Unarmed Combat
  4954 | D:5      | Reached skill level 1 in Armour
  4964 | D:5      | Reached XP level 8. HP: 58/62 MP: 10/10
  5009 | D:5      | Found a runed translucent door.
  5124 | D:5      | Found a staircase to the Ecumenical Temple.
  5425 | D:5      | Found a one-way gate to the infinite horrors of the Abyss.
  6206 | D:6      | Noticed Menkaure
  6214 | D:6      | Killed Menkaure
  6278 | D:6      | Reached XP level 9. HP: 29/71 MP: 11/11
  6553 | D:6      | Found a runed translucent door.
  6554 | D:6      | Noticed Crazy Yiuf
  6723 | D:6      | Killed Crazy Yiuf
  6851 | D:5      | Upgraded the game from 0.27-a0-1291-geefcff550b to
                  | 0.27-a0-1308-gc08437e49b
  7082 | D:7      | Reached skill level 10 in Unarmed Combat
  7417 | D:7      | Noticed a cyclops
  7419 | D:7      | Noticed a cyclops
  7790 | D:7      | Killed an unseen horror
  7791 | D:7      | Reached skill level 5 in Fighting
  7791 | D:7      | Reached skill level 5 in Armour
  7791 | D:7      | Reached skill level 5 in Dodging
  7914 | D:7      | Killed a cyclops
  7927 | D:7      | Killed a large slime creature
  7933 | D:7      | Killed a cyclops
  7934 | D:7      | Reached XP level 10. HP: 74/81 MP: 13/13
  8140 | D:5      | Reached skill level 11 in Unarmed Combat
  8160 | D:5      | Killed Eptagon's ghost
  8595 | D:8      | Noticed Maggie
  8607 | D:8      | Killed Maggie
  8654 | D:8      | Noticed Psyche
  8663 | D:8      | Killed Psyche
  8684 | D:8      | Noticed Prince Ribbit
  8694 | D:8      | Killed Prince Ribbit
  8732 | D:8      | Noticed Harold
  8754 | D:8      | Killed Harold
  8764 | D:8      | Noticed a two-headed ogre
  8778 | D:8      | Killed a two-headed ogre
  9526 | D:9      | Found a runed translucent door.
  9527 | D:9      | Noticed Maurice
  9530 | D:9      | Noticed a sixfirhy
  9542 | D:9      | Killed Maurice
  9601 | D:9      | Reached XP level 11. HP: 80/91 MP: 14/14
  9772 | D:9      | Reached skill level 12 in Unarmed Combat
 10749 | D:10     | Entered Level 10 of the Dungeon
 10998 | D:10     | Noticed Urug
 11011 | D:10     | HP: 4/138 [Urug (22)]
 11012 | D:10     | Killed Urug
 11974 | D:11     | Noticed a six-headed hydra
 11985 | D:11     | Killed a six-headed hydra
 12223 | D:11     | Found a staircase to the Orcish Mines.
 12232 | D:11     | Noticed an orc knight
 12244 | D:11     | Killed an orc knight
 12300 | D:11     | Found a gate leading to a gauntlet.
 12314 | Gauntlet | Entered a Gauntlet
 12314 | Gauntlet | Found a transporter.
 12328 | Gauntlet | Found a transporter.
 12338 | Gauntlet | Found a transporter.
 12340 | Gauntlet | Noticed a thrashing horror
 12343 | Gauntlet | Found a transporter.
 12347 | Gauntlet | Noticed a thrashing horror
 12363 | Gauntlet | Found a transporter.
 12379 | Gauntlet | Noticed a green death
 12380 | Gauntlet | Found a transporter.
 12389 | Gauntlet | Found a transporter.
 12389 | Gauntlet | Noticed an obsidian statue
 12395 | Gauntlet | Found a transporter.
 12410 | Gauntlet | Found a transporter.
 12422 | Gauntlet | Found a transporter.
 12423 | Gauntlet | Noticed a great orb of eyes
 12428 | Gauntlet | Found a transporter.
 12428 | Gauntlet | Found a transporter.
 12440 | Gauntlet | Noticed a wizard
 12441 | Gauntlet | Noticed a wizard
 12443 | Gauntlet | Found a transporter.
 12460 | Gauntlet | Found a transporter.
 12480 | Gauntlet | Found a transporter.
 12480 | Gauntlet | Noticed a fire crab
 12499 | Gauntlet | Noticed a death scarab
 12506 | Gauntlet | Found a transporter.
 12508 | Gauntlet | Found a transporter.
 12528 | Gauntlet | Found a transporter.
 12732 | Gauntlet | Killed a death scarab
 13000 | Gauntlet | Identified the ring "Senaggeg" {rC+ Str+6 Slay+5}
 13091 | Gauntlet | Identified the +0 cloak of Nees {rPois rF- rC+ rN+}
 13098 | Gauntlet | Killed an obsidian statue
 13099 | Gauntlet | Reached skill level 13 in Unarmed Combat
 13140 | Gauntlet | Noticed a minotaur
 13148 | Gauntlet | Slain by a minotaur

Illustrated notes

Levels and vault maps discovered:
D:1:      tarquinn_simple_flora_water_c, layout_rooms,
          ebering_ecumenical_altar_hall, serial_shops, nicolae_shop_statue_plus
D:2:      layout_loops_ring, uniq_robin, uniq_jessica
D:3:      layout_basic, serial_bayou_ford_a, minivault_26
D:4:      layout_basic, lemuel_doored_altar, minmay_rat_hole
D:5:      minmay_octagon_keep, layout_gridville, kennysheep_mini_moat,
          kennysheep_little_box, temple_hall, ebering_ghost_sewer_f,
          hangedman_decor_opposing, grunt_decor_arrowhead,
          amcnicky_altar_lugonu_corruption
D:6:      layout_basic, old_standard_altar, elyvilon_altar_5, marbit_many_paths,
          uniq_crazy_yiuf_cottage, uniq_menkaure
D:7:      minmay_chambers_of_sevens, layout_rooms,
          gammafunk_temple_overflow_statue, hellmonk_bongcloud_opening
D:8:      layout_basic, lemuel_round_altar, tso_altar, uniq_maggie,
          uniq_prince_ribbit1, uniq_harold, uniq_psyche
D:9:      layout_grid_maze, nzn_makhleb_speed_demon, amcnicky_altar_gilded,
          uniq_maurice
D:10:     layout_basic, old_standard_altar, uniq_urug
D:11:     layout_basic, orc_0_dummy, serial_shops, nicolae_shop_stone,
          gauntlet_entry_generic
Gauntlet: gammafunk_gauntlet_one_two_three [nicolae_gauntlet_arena_flowing_pool,
          nicolae_gauntlet_arena_grate_2, nicolae_gauntlet_arena_blocks,
          gammafunk_gauntlet_arena_chambers, gammafunk_gauntlet_arena_spirals,
          gammafunk_gauntlet_arena_mazey,
          gammafunk_gauntlet_arena_split_diamond,
          gammafunk_gauntlet_arena_teeth, nicolae_gauntlet_arena_x,
          gauntlet_exit_spiral]

Skill      XL: |  1  2  3  4  5  6  7  8  9 10 11 |
---------------+----------------------------------+-----
Unarmed Combat | 3 4 5 6 8 9 10 11 13 | 13.0
Fighting       | 2 4 5 6 7 |  7.7
Armour         | 1 4 5 6 7 |  7.7
Dodging        | 3 4 5 6 7 |  7.7
Throwing       | |  1.7

Action                   |  1- 3 |  4- 6 |  7- 9 | 10-12 || total
-------------------------+-------+-------+-------+-------++-------
Melee: Unarmed           |   184 |   198 |   326 |   366 ||  1074
       Punch             |     2 |     6 |    19 |    31 ||    58
Throw: Throwing net      |       |     1 |     3 |     5 ||     9
       Dart              |       |       |     2 |     2 ||     4
Evoke: Wand              |       |       |     2 |     7 ||     9
  Use: Scroll            |     3 |     8 |     4 |     4 ||    19
       Potion            |       |       |     1 |     3 ||     4
 Stab: Sleeping          |     1 |       |       |       ||     1
       Held in net/web   |       |       |       |     1 ||     1
Armor: Leather armour    |    23 |       |       |       ||    23
       Chain mail        |    36 |    83 |   116 |   100 ||   335
Dodge: Dodged            |    76 |    74 |   137 |   188 ||   475
Block: Other             |    29 |    28 |    33 |    63 ||   153
       Reflection        |     1 |       |       |     5 ||     6

Table legend: (Time is in decaauts)
 A = Elapsed time spent in this place.
 B = Non-inter-level travel time spent in this place.
 C = Inter-level travel time spent in this place.
 D = Time resting spent in this place.
 E = Time spent auto-exploring this place.
 F = Levels seen in this place.
 G = Mean time per level.
                   A        B        C        D        E       F      G
               +--------+--------+--------+--------+--------+-----+--------+
         Total |  13023 |  12476 |    547 |   4202 |   6054 |  12 | 1085.2 |
       Dungeon |  12193 |  11646 |    547 |   3951 |   5716 |  11 | 1108.5 |
      Gauntlet |    829 |    829 |      0 |    251 |    338 |   1 |  829.0 |
               +--------+--------+--------+--------+--------+-----+--------+

Top non-repeatable levels by time:
     D:5: 1602 daAuts
     D:1: 1542 daAuts
     D:9: 1271 daAuts
     D:2: 1262 daAuts
     D:6: 1184 daAuts
     D:7: 1160 daAuts
    D:10: 1095 daAuts
     D:8: 988 daAuts
     D:4: 903 daAuts
Gauntlet: 829 daAuts
     D:3: 716 daAuts
    D:11: 467 daAuts
